 Dungeon Crawl Stone Soup version 0.30-a0-1103-g25895a7845 (webtiles) character file.

Game seed: 12893005181682840636

42 BlueFish the Grasshopper (level 3, -1/24 HPs)
             Began as an Octopode Warper on Apr 18, 2023.
             Slain by a gnoll
             ... wielding a +0 spear
              (6 damage)
             ... on level 2 of the Dungeon.
             The game lasted 00:01:29 (1188 turns).

BlueFish the Grasshopper (Octopode Warper)          Turns: 1188, Time: 00:01:30

Health: -1/24      AC:  1    Str: 12    XL:     3   Next: 56%
Magic:  4/6        EV: 13    Int: 15    God:
Gold:   71         SH:  0    Dex: 11    Spells: 2/6 levels left

rFire   . . .      SeeInvis .    a - +0 mace
rCold   . . .      Faith    .    (no shield)
rNeg    . . .      Spirit   .    (helmet restricted)
rPois   .          Reflect  .    (no amulet)
rElec   .          Rampage  .    d - +4 ring of slaying
rCorr   .                        (no ring)
Will    .....                    (no ring)
Stlth   +++                      (no ring)
HPRegen 0.24/turn                (no ring)
MPRegen 0.10/turn                (no ring)
                                 (no ring)
                                 (no ring)

@: no status effects
A: almost no armour, amphibious, 8 rings, camouflage 1, gelatinous body 1,
(nimble swimmer 1), tentacles
a: no special abilities


You were on level 2 of the Dungeon.
You visited 1 branch of the dungeon, and saw 2 of its levels.

You collected 71 gold pieces.

Inventory:

Hand Weapons
 a - a +0 mace (weapon)
Missiles
 c - 7 boomerangs of dispersal
 e - 2 poisoned darts
 f - 21 stones (quivered)
Jewellery
 d - a +4 ring of slaying (left tentacle)
Scrolls
 b - a scroll of blinking
 g - a scroll of teleportation {unknown}
Potions
 h - 2 potions of haste {unknown}
 i - 2 potions of mutation {unknown}
 j - a potion of flight {unknown}
 k - a potion of curing {unknown}


   Skills:
 + Level 2.2 Fighting
 + Level 2.2 Maces & Flails
 + Level 1.3 Throwing
 + Level 2.5 Dodging
 * Level 2.3 Stealth
 + Level 2.2 Spellcasting
 + Level 3.1 Translocations


You had 2 spell levels left.
You knew the following spells:

 Your Spells              Type           Power      Damage    Failure   Level
a - Blink                 Tloc           22%        N/A       9%          2
b - Lesser Beckoning      Tloc           22%        N/A       9%          2

Your spell library contained the following spells:

 Spells                   Type           Power      Damage    Failure   Level
 Teleport Other           Tloc           11%        N/A       19%         3
 Vhi's Electric Charge    Tloc/Air       12%        N/A       34%         3
 Manifold Assault         Tloc           11%        N/A       52%         4


Dungeon Overview and Level Annotations

Branches:
Dungeon (2/15)

Altars:


Innate Abilities, Weirdness & Mutations

You cannot wear most types of armour.
You are amphibious.
You can wear up to eight rings at the same time.
Your skin changes colour to match your surroundings (Stealth+).
Your rubbery body absorbs attacks. (AC +1, EV +1)
((You are camouflaged when in or above water. (Stealth+)))
You have tentacles for arms and can constrict up to eight enemies at once.


Message History

f - 14 stones (gained 4)
A bat comes into view.
A bat is nearby!
The helpless bat fails to defend itself.
You sock the bat!
You kill the bat!
No target in view!
You see here a bat corpse.
f - 21 stones (gained 7)
A gnoll comes into view. It is wielding a +0 flail.
A gnoll is nearby!
A gnoll comes into view. It is wielding a +0 whip.
A gnoll comes into view. It is wielding a +0 spear.
The gnoll attacks as you move away! The gnoll hits you with a +0 whip!
The gnoll shouts! x2
You closely miss the gnoll. You grab the gnoll.
You constrict the gnoll, but do no damage.
The gnoll hits you with a +0 whip.
You sock the gnoll!
The gnoll is severely wounded.
You constrict the gnoll. The gnoll hits you with a +0 whip.
* * * LOW HITPOINT WARNING * * *
You hit the gnoll.
You kill the gnoll!
You see here a bat corpse.
You see here a ball python corpse.
You see here a +0 mace.
You see here a +0 ring mail.
There is a stone staircase leading up here.
Cast which spell? (? or * to list)
Aiming: Lesser Beckoning (safe; 9% risk of failure)
Press: ? - help, Shift-Dir - straight line, f - gnoll
Aim: a gnoll, wielding a +0 spear (100% to hit)
The gnoll hurls suddenly forward!
The gnoll hits you with a +0 spear.
You sock the gnoll! Your grab misses the gnoll. Your squeeze misses the gnoll.
The gnoll is heavily wounded.
The gnoll hits you with a +0 spear. The gnoll hits you with a +0 spear!
* * * LOW HITPOINT WARNING * * *
The gnoll hits you with a +0 spear.
You die...

.....[............†........
....#..#....#####..........
.......#....#####.......##.
#...........#.......##.
##..#######.#.......##.
#........#.#.......##.
#.[.####.#.#.......##. #.
#.#.g....#.#.......##. #.
#)#.#@...#†##########.
#.##g#.###....## #.
#....#.........##
#...g#########..########.
#........................
#........#####....#######
#.##.....# #...........
#[##.....# #.....######
#........# #.....###


You could see a gnoll.

Vanquished Creatures
  A gnoll (D:2)
  2 worms (D:2)
  3 ball pythons
  2 bats
  3 endoplasms
  A giant cockroach (D:1)
  2 goblins (D:1)
  5 hobgoblins
  A quokka (D:1)
  2 kobolds (D:1)
  A rat (D:1)
23 creatures vanquished.

Notes
Turn   | Place    | Note
-------+----------+-------------------------------------------
     0 | D:1      | BlueFish the Octopode Warper began the quest for the Orb.
     0 | D:1      | Reached XP level 1. HP: 14/14 MP: 3/3
   295 | D:1      | Reached XP level 2. HP: 19/19 MP: 5/5
   301 | D:1      | Learned a level 2 spell: Blink
   304 | D:1      | Learned a level 2 spell: Lesser Beckoning
   362 | D:1      | Reached skill level 1 in Stealth
   973 | D:2      | Reached XP level 3. HP: 24/24 MP: 6/6
  1188 | D:2      | Slain by a gnoll

Illustrated notes

Levels and vault maps discovered:
D:1:      psy_arrival_wood_between_worlds, layout_loops_ring
D:2:      layout_basic

Skill      XL: |  1  2  3 |
---------------+----------+-----
Stealth        | 1 2 |  2.3
Fighting       | |  2.2
Maces & Flails | |  2.2
Throwing       | |  1.3
Dodging        | |  2.5
Spellcasting   | |  2.2
Translocations | |  3.1

Action                     || total
---------------------------++-------
  Melee: Mace              ||    44
         Constrict         ||    12
         Tentacles         ||     9
   Cast: Lesser Beckoning  ||     1
   Stab: Sleeping          ||     5
 Armour: Skin              ||     2
  Dodge: Dodged            ||    25

Table legend: (Time is in decaauts)
 A = Elapsed time spent in this place.
 B = Non-inter-level travel time spent in this place.
 C = Inter-level travel time spent in this place.
 D = Time resting spent in this place.
 E = Time spent auto-exploring this place.
 F = Levels seen in this place.
 G = Mean time per level.
                   A        B        C        D        E       F      G
               +--------+--------+--------+--------+--------+-----+--------+
         Total |   1200 |   1161 |     39 |      0 |    906 |   2 |  600.0 |
       Dungeon |   1200 |   1161 |     39 |      0 |    906 |   2 |  600.0 |
               +--------+--------+--------+--------+--------+-----+--------+

Top non-repeatable levels by time:
     D:1: 919 daAuts
     D:2: 280 daAuts
